 Dungeon Crawl Stone Soup version 0.19.5 (webtiles) character file.

34 tidbits the Chiller (level 3, -1/23 HPs)
             Began as a High Elf Wanderer on July 17, 2017.
             Slain by a worm (8 damage)
             ... on level 2 of the Dungeon.
             The game lasted 00:10:40 (635 turns).

tidbits the Chiller (High Elf Wanderer)              Turns: 635, Time: 00:10:42

Health: -1/23      AC:  8    Str: 13    XL:     3   Next: 14%
Magic:  1/8        EV: 12    Int: 15    God:
Gold:   42         SH:  0    Dex: 14    Spells: 2 memorised, 3 levels left

rFire  . . .     SeeInvis .     a - +0 short sword
rCold  . . .     Gourm    .     B - +0 leather armour
rNeg   . . .     Faith    .     (no shield)
rPois  .         Spirit   .     (no helmet)
rElec  .         Reflect  .     (no cloak)
rCorr  .         Harm     .     (no gloves)
MR     .....                    (no boots)
Stlth  +.........               (no amulet)
                                (no ring)
                                (no ring)

@: icy armour, very slightly contaminated, slow
A: no striking features
a: no special abilities


You were on level 2 of the Dungeon.
You were not hungry.

You visited 1 branch of the dungeon, and saw 2 of its levels.

You collected 42 gold pieces.

Inventory:

Hand Weapons
 a - a +0 short sword (weapon)
   (You found it on level 1 of the Dungeon)
 b - a +0 dagger
 m - a +0 falchion
   (You found it on level 2 of the Dungeon)
Missiles
 i - 86 stones (quivered)
 n - a throwing net {!f}
 q - 15 sling bullets
Armour
 d - a +0 robe
 B - a +0 leather armour (worn)
   (You found it on level 1 of the Dungeon)
Scrolls
 k - a scroll of immolation {unknown}
 l - a scroll of remove curse {unknown}
 p - a scroll of recharging {unknown}
 r - 2 scrolls of identify {unknown}
Potions
 c - a potion of lignification
 o - a potion of curing {unknown}
Books
 e - Himype's Papyrus of Blows and Bruises

   Spells                             Type                      Level
   a - Flame Tongue                   Conjuration/Fire             1
   b - Static Discharge               Conjuration/Air              3
 j - a book of Frost

   Spells                             Type                      Level
   a - Freeze                         Ice                          1
   b - Throw Frost                    Conjuration/Ice              2
   c - Ozocubu's Armour               Charms/Ice                   3
   d - Throw Icicle                   Conjuration/Ice              4
   e - Summon Ice Beast               Ice/Summoning                4
Comestibles
 f - 3 bread rations
 g - a slice of pizza
 h - a fruit


   Skills:
 - Level 1.0 Fighting
   Level 1.0 Staves
 - Level 2.1 Dodging
 - Level 1.1 Stealth
   Level 1.0 Shields
 - Level 2.8 Spellcasting
 + Level 0.2 Charms
 - Level 4.0 Ice Magic


You had 3 spell levels left.
You knew the following spells:

 Your Spells              Type           Power        Failure   Level  Hunger
f - Freeze                Ice            ##..         6%          1    #......
o - Ozocubu's Armour      Chrm/Ice       #.......     38%         3    ###....


Dungeon Overview and Level Annotations

Branches:
Dungeon (2/15)

Altars:


Message History

You hit the frilled lizard but do no damage.
The frilled lizard is heavily wounded.
Your icy armour evaporates.
The frilled lizard closely misses you.
You closely miss the frilled lizard.
The frilled lizard is heavily wounded.
The frilled lizard completely misses you.
You barely miss the frilled lizard.
The frilled lizard is heavily wounded.
The frilled lizard misses you.
You hit the frilled lizard.
You kill the frilled lizard!
You see here a frilled lizard corpse.
There is a stone staircase leading down here.
You climb downwards.
There is a stone staircase leading up here.
Casting: Ozocubu's Armour
Confirm with . or Enter, or press ? or * to list all spells.
A film of ice covers your body!
Casting: Ozocubu's Armour
Confirm with . or Enter, or press ? or * to list all spells.
Aiming: Freeze
Press: ? - help, Shift-Dir - straight line, f - worm
Aim: a worm You freeze the worm.
The worm is lightly wounded.
The worm completely misses you.
Casting: Freeze
Confirm with . or Enter, or press ? or * to list all spells.
Aiming: Freeze
Press: ? - help, Shift-Dir - straight line, f/p - worm
Aim: a worm You freeze the worm.
The worm is moderately wounded.
Casting: Freeze
Confirm with . or Enter, or press ? or * to list all spells.
Aiming: Freeze
Press: ? - help, Shift-Dir - straight line, f/p - worm
Aim: a worm (moderately wounded)
You freeze the worm.
The worm is heavily wounded.
The worm bites you.
Casting: Freeze
Confirm with . or Enter, or press ? or * to list all spells.
Aiming: Freeze
Press: ? - help, Shift-Dir - straight line, f/p - worm
Aim: a worm (heavily wounded)
You freeze the worm.
The worm is heavily wounded.
Casting: Freeze
Confirm with . or Enter, or press ? or * to list all spells.
Aiming: Freeze
Press: ? - help, Shift-Dir - straight line, f/p - worm
Aim: a worm (heavily wounded)
You miscast Freeze.
You are very lightly contaminated with residual magic.
Nothing appears to happen.
The worm misses you.
You barely miss the worm.
The worm is heavily wounded.
The worm bites you.
You hit the worm.
The worm is heavily wounded.
Okay, then.
Wield which item (- for none, * to show all)? (? for menu, Esc to quit)
Okay, then.
You hit the worm.
The worm is severely wounded.
The worm barely misses you.
You hit the worm.
The worm is severely wounded.
The worm bites you.
* * * LOW HITPOINT WARNING * * *
Casting: Freeze
Confirm with . or Enter, or press ? or * to list all spells.
Aiming: Freeze
Press: ? - help, Shift-Dir - straight line, f/p - worm
Aim: a worm (heavily wounded)
You freeze the worm.
The worm is almost dead.
You hit the worm.
The worm is almost dead.
The worm bites you but does no damage.
You hit the worm but do no damage.
The worm is almost dead.
The worm bites you but does no damage.
You hit the worm but do no damage.
The worm is almost dead.
You barely miss the worm.
The worm is almost dead.
The worm bites you.
* * * LOW HITPOINT WARNING * * *
You barely miss the worm.
The worm is severely wounded.
The worm misses you.
You hit the worm.
The worm is almost dead.
You completely miss the worm.
The worm is almost dead.
The worm bites you!
You die...

#.. #.. #.# #.#
#.##.# ############
#.##.# #..........#
#.##.# #.########.#
#.##.# #.# #.# #.##.#
#@# #<# ########.##.#
#w# #.#
#...........###.#####
#.#
#.######............#
#.# .#.#
########.###.# #.#
.#.# #.# #.# #.# .#.#
#.# #.# #.# .#.#
#.###.# #.# .#.#
#.#...####.#


You could see a worm.

Vanquished Creatures
  An adder (D:2)
  A worm (D:2)
  A dart slug (D:1)
  A leopard gecko (D:1)
  2 bats
  A giant cockroach (D:2)
  4 hobgoblins
  2 frilled lizards
  4 goblins
  A kobold (D:1)
  2 rats (D:1)
20 creatures vanquished.

Notes
Turn   | Place    | Note
-------+----------+-------------------------------------------
     0 | D:1      | tidbits the High Elf Wanderer began the quest for the Orb.
     0 | D:1      | tidbits set off with: a book of Frost, Himype's Papyrus of Blows and Bruises, a potion of lignification, a +0 robe, a +0 dagger, a bread ration
     0 | D:1      | Reached XP level 1. HP: 13/13 MP: 3/3
     0 | D:1      | Identified Himype's Papyrus of Blows and Bruises
     2 | D:1      | Learned a level 1 spell: Freeze
   178 | D:1      | Reached skill level 2 in Spellcasting
   218 | D:1      | Reached XP level 2. HP: 18/18 MP: 1/6
   421 | D:2      | Reached skill level 2 in Dodging
   421 | D:2      | Reached XP level 3. HP: 18/23 MP: 2/8
   455 | D:2      | Learned a level 3 spell: Ozocubu's Armour
   635 | D:2      | Slain by a worm

Skill      XL: |  1  2 |
---------------+-------+-----
Spellcasting   | 2 |  2.8
Dodging        | 2 |  2.1
Fighting       | |  1.0
Staves         | |  1.0
Stealth        | |  1.1
Shields        | |  1.0
Charms         | |  0.2
Ice Magic      | |  4.0

Action                   || total
-------------------------++-------
Melee: Short sword       ||    40
       Dagger            ||     2
Throw: Stone             ||     5
 Cast: Freeze            ||    35
       Ozocubu's Armour  ||     2
 Stab: Sleeping          ||     3
Armor: Robe              ||     7
       Leather armour    ||     8
Dodge: Dodged            ||    33

Table legend:
 A = Turns spent in this place as a percentage of turns spent in the entire game.
 B = Non-inter-level travel turns spent in this place as a percentage of non-inter-level travel turns spent in the entire game.
 C = Inter-level travel turns spent in this place as a percentage of turns spent in this place.
 D = Turns resting spent in this place as a percentage of non-inter-level travel turns spent in this place.
 E = Turns spent auto-exploring this place as a percentage of non-inter-level travel turns spent in this place.
 F = Non-inter-level travel turns spent in this place divided by the number of levels of this place that you've seen.
                   A       B       C       D       E      F
               +-------+-------+-------+-------+-------+----------------------
         Total | 100.0 | 100.0 |   0.0 |   0.0 |   0.0 | 319.5
       Dungeon | 100.0 | 100.0 |   0.0 |   0.0 |   0.0 | 319.5
               +-------+-------+-------+-------+-------+----------------------

Table legend:
 A = Kills in this place as a percentage of kills in entire the game.
 B = Kills by you in this place as a percentage of kills by you in the entire game.
 C = Kills by friends in this place as a percentage of kills by friends in the entire game.
 D = Other kills in this place as a percentage of other kills in the entire game.
 E = Experience gained in this place as a percentage of experience gained in the entire game.
 F = Experience gained in this place divided by the number of levels of this place that you have seen.
                   A       B       C       D       E      F
               +-------+-------+-------+-------+-------+----------------------
         Total | 100.0 | 100.0 |  -nan |  -nan | 100.0 |  24.5
       Dungeon | 100.0 | 100.0 |  -nan |  -nan | 100.0 |  24.5
               +-------+-------+-------+-------+-------+----------------------

Vault maps used:
D:1:      onia_arrival_mini_maze, minivault_5
D:2:      hangedman_abyss_or_decor_stabs
